 Dungeon Crawl Stone Soup version 0.18.1-1-g2f07953 (webtiles) character file.

837 aurelian the Gusty (level 7, 0/44 HPs)
             Began as a Tengu Air Elementalist on May 14, 2016.
             Was a Follower of Ashenzari.
             Slain by a giant frog (3 damage)
             ... on level 5 of the Dungeon.
             The game lasted 00:19:55 (6400 turns).

aurelian the Gusty (Tengu Air Elementalist)         Turns: 6400, Time: 00:19:56

Health: 0/44       AC:  5    Str:  9    XL:     7   Next: 99%
Magic:  3/12       EV: 12    Int: 16    God:    Ashenzari [*.....]
Gold:   85         SH:  0    Dex: 15    Spells: 4 memorised, 3 levels left

rFire  . . .     SeeInvis .     o - +0 whip (curse)
rCold  . . .     Gourm    .     a - +0 robe (curse)
rNeg   . . .     Faith    .     (no shield)
rPois  .         Spirit   .     (helmet restricted)
rElec  .         Dismiss  .     j - +2 cloak (curse)
rCorr  .         Reflect  .     (no gloves)
SustAt .         Harm     .     (boots unavailable)
MR     .....                    (no amulet)
Stlth  ++........               (no ring)
                                (no ring)

@: sluggish, repel missiles, very slow, not resistant to hostile enchantments,
unstealthy
A: beak, claws 1, horns 1, talons 3, robust 1, able to fly 1
a: Fly, Curse Item, Scrying, Renounce Religion


You were on level 5 of the Dungeon.
You worshipped Ashenzari.
Ashenzari was aware of your devotion.
You were hungry.

You visited 1 branch of the dungeon, and saw 6 of its levels.

You collected 197 gold pieces.
You spent 112 gold pieces at shops.

Inventory:

Hand Weapons
 o - a cursed +0 whip (weapon)
 H - a +1 scimitar of protection
Missiles
 i - 8 javelins (quivered)
 n - 96 stones
Armour
 a - a cursed +0 robe (worn)
 e - a +0 cloak
 j - a cursed +2 cloak (worn)
 r - a cursed +0 ring mail
 x - a +0 ring mail
Jewellery
 g - an uncursed amulet of guardian spirit
 l - an uncursed ring of ice
Wands
 z - a wand of paralysis (11/24)
Scrolls
 h - a scroll of enchant weapon {unknown}
 m - 2 scrolls of recharging {unknown}
 p - 2 scrolls of immolation {unknown}
 t - a scroll of noise {unknown}
 u - 3 scrolls of identify
 v - a scroll of amnesia {unknown}
 y - a scroll of remove curse
 B - a scroll of fear {unknown}
 C - 3 scrolls of fog {unknown}
 G - a scroll of blinking {unknown}
 J - a scroll of enchant armour {unknown}
 L - a scroll of teleportation {unknown}
Potions
 d - a potion of mutation
 k - a potion of degeneration {unknown}
 q - a potion of might {unknown}
 E - 2 potions of lignification {unknown}
 I - a potion of cure mutation {unknown}
Books
 b - a book of Air

   Spells                             Type                      Level
   a - Shock                          Conjuration/Air              1
   b - Swiftness                      Charms/Air                   2
   c - Repel Missiles                 Charms/Air                   2
   d - Static Discharge               Conjuration/Air              3
   e - Lightning Bolt                 Conjuration/Air              5
 s - a book of the Warp

   Spells                             Type                      Level
   a - Recall                         Summoning/Translocation      3
   b - Gell's Gravitas                Hexes/Translocation          3
   c - Force Lance                    Conjuration/Translocation    4
   d - Warp Weapon                    Charms/Translocation         5
   e - Summon Forest                  Summoning/Translocation      5
 D - a book of Burglary

   Spells                             Type                      Level
   a - Swiftness                      Charms/Air                   2
   b - Passwall                       Transmutation/Earth          2
   c - Passage of Golubria            Translocation                4
   d - Lee's Rapid Deconstruction     Earth                        5
   e - Darkness                       Hexes                        6
   f - Invisibility                   Hexes                        6
Comestibles
 c - 5 bread rations
 f - a slice of pizza
 w - 3 fruits
 A - 2 meat rations
 K - a beef jerky
 M - 3 chunks of flesh


   Skills:
 - Level 2.3 Fighting
 + Level 5.1 Maces & Flails
 - Level 2.1 Dodging
 - Level 2.0 Stealth
 + Level 2.6 Spellcasting
 - Level 6.0 Conjurations
 - Level 7.0 Air Magic


You had 3 spell levels left.
You knew the following spells:

 Your Spells              Type           Power        Failure   Level  Hunger
a - Shock                 Conj/Air       ###.         1%          1    #......
b - Swiftness             Chrm/Air       ##......     10%         2    ##.....
c - Repel Missiles        Chrm/Air       ##....       10%         2    ##.....
d - Static Discharge      Conj/Air       ###.....     4%          3    ###....


Dungeon Overview and Level Annotations

Branches:
Dungeon (6/15)             Temple (0/1) D:4

Altars:
Ashenzari
Cheibriados
Fedhas
Gozag
Qazlal
Sif Muna
Zin

Shops:
D:5 (


Innate Abilities, Weirdness & Mutations

You have a beak for a mouth.
You have claws for feet.
You can fly.
You have sharp fingernails.
You have a pair of small horns on your head.
You are robust (+10% HP).


Message History

The zap hits the giant frog.
The giant frog is moderately wounded.
The zap hits the giant frog.
The giant frog is heavily wounded.
The giant frog barely misses you. x2
Casting: Shock
Confirm with . or Enter, or press ? or * to list all spells.
Aiming: Shock
Press: ? - help, Shift-Dir - straight line The zap misses the giant frog.
The zap hits the giant frog.
The giant frog is severely wounded.
The giant frog closely misses you.
Casting: Shock
Confirm with . or Enter, or press ? or * to list all spells.
Aiming: Shock
Press: ? - help, Shift-Dir - straight line The zap misses the giant frog.
The zap hits the giant frog.
The giant frog is almost dead.
The giant frog hits you.
You die...

....#.'∩[.......##.......# #...
....###+#[......##.##.##.#####...
..### #...............##.#.......
#.## ##.......##.#..............
...## #..>....##...#.##.#.......
....## #.....>.###.##.##.#####...
.....# #.......###.......# #...
.....# #####...F.#.##.#### #...
.....# #.#.#@#<......# ###...
....## #^#.#.#.##.##.###.....
<..### #.#........##.##.....#
#....# #.......#####.##.>...#
####.# #..##.#.#####.##.....#
#.#######..<..#..............#
#..........#######.##.........
############ #.##.#.#.....
#.#..#.##..#.


You could see a giant frog.

Vanquished Creatures
  An ogre (D:4)
  A centaur (D:6)
  A centaur skeleton (D:5)
  An orc priest (D:3)
  2 giant frog skeletons
  2 iguanas
  An orc wizard (D:3)
  8 worker ants
  Robin (D:4)
  8 gnolls
  4 adders
  3 shadow imps (D:5)
  An ooze (D:1)
  3 worms
  4 dart slugs
  3 giant geckos
  16 orcs
  4 giant cockroaches
  13 goblins
  9 hobgoblins
  15 jackals
  2 quokkas
  4 ball pythons
  11 bats
  A giant cockroach zombie (D:5)
  A giant newt (D:2)
  10 kobolds
  3 rats (D:3)
133 creatures vanquished.

Notes
Turn   | Place    | Note
--------------------------------------------------------------
     0 | D:1      | aurelian the Tengu Air Elementalist began the quest for the Orb.
     0 | D:1      | Reached XP level 1. HP: 10/10 MP: 4/4
   183 | D:1      | Reached XP level 2. HP: 15/15 MP: 1/6
   610 | D:1      | Reached XP level 3. HP: 19/19 MP: 4/7
   969 | D:2      | Gained mutation: You are robust (+10% HP). [potion of mutation]
   969 | D:2      | Gained mutation: You have a pair of small horns on your head. [potion of mutation]
   969 | D:2      | Gained mutation: You have sharp fingernails. [potion of mutation]
  1268 | D:2      | Found a snail-covered altar of Cheibriados.
  1271 | D:2      | Found a deep blue altar of Sif Muna.
  1274 | D:2      | Found a shattered altar of Ashenzari.
  1278 | D:2      | Became a worshipper of Ashenzari the Shackled
  1332 | D:2      | Reached XP level 4. HP: 26/26 MP: 5/8
  1616 | D:2      | Reached skill level 5 in Air Magic
  1662 | D:2      | Learned a level 2 spell: Swiftness
  1665 | D:2      | Learned a level 2 spell: Repel Missiles
  1702 | D:2      | Reached skill level 5 in Conjurations
  1702 | D:2      | Gained mutation: You can fly. [Tengu growth]
  1702 | D:2      | Reached XP level 5. HP: 30/30 MP: 1/9
  1986 | D:3      | Reached skill level 1 in Fighting
  2042 | D:3      | Reached skill level 1 in Maces & Flails
  2519 | D:3      | Found an opulent altar of Gozag.
  2835 | D:3      | Reached XP level 6. HP: 38/38 MP: 8/10
  3464 | D:4      | Found a glowing silver altar of Zin.
  3651 | D:4      | Found a staircase to the Ecumenical Temple.
  3725 | D:3      | HP: 1/39 [poisoned by a worker ant]
  4067 | D:3      | Learned a level 3 spell: Static Discharge
  4206 | D:4      | Noticed Robin
  4233 | D:4      | Reached XP level 7. HP: 44/44 MP: 7/11
  4238 | D:4      | Killed Robin
  4483 | D:4      | Reached * piety under Ashenzari
  4489 | D:4      | Found a blossoming altar of Fedhas.
  4562 | D:4      | Reached skill level 6 in Air Magic
  5413 | D:5      | Entered Level 5 of the Dungeon
  5430 | D:5      | Found a stormy altar of Qazlal.
  5442 | D:5      | Found Lavy's Antique Weapon Shoppe.
  5445 | D:5      | Bought a glowing scimitar for 112 gold pieces
  5844 | D:5      | Reached skill level 7 in Air Magic
  6379 | D:6      | Reached skill level 5 in Maces & Flails
  6390 | D:6      | HP: 2/44 [giant frog (5)]
  6400 | D:5      | Slain by a giant frog

Skill      XL: |  1  2  3  4  5  6  7 |
---------------+----------------------+-----
Conjurations   | 2 3 4 5 6 |  6.0
Air Magic      | 5 7 |  7.0
Fighting       | 1 2 |  2.3
Maces & Flails | 2 3 5 |  5.1
Dodging        | |  2.1
Stealth        | |  2.0
Spellcasting   | |  2.6

Action                   |  1- 3 |  4- 6 |  7- 9 || total
-------------------------+-------+-------+-------++-------
Melee: Whip              |       |     4 |       ||     4
       Headbutt          |       |     1 |       ||     1
 Cast: Shock             |    81 |   195 |   103 ||   379
       Swiftness         |       |       |     2 ||     2
       Repel Missiles    |       |       |     1 ||     1
Invok: Curse Item        |     2 |       |     1 ||     3
  Use: Scroll            |     3 |       |       ||     3
       Potion            |     1 |     2 |     1 ||     4
  Eat: Chunk             |     3 |    12 |     8 ||    23
Armor: Robe              |     8 |    12 |     3 ||    23
Dodge: Dodged            |    13 |    29 |    23 ||    65
